 Dungeon Crawl Stone Soup version 0.29.0-4-gdea44cf6ec (webtiles) character file.

Game seed: 14340687248010324362

105 qw the Chopper (level 4, -2/26 HPs)
             Began as a Tengu Warper on Aug 28, 2022.
             Slain by an iguana (6 damage)
             ... on level 4 of the Dungeon.
             The game lasted 00:00:18 (3405 turns).

qw the Chopper (Tengu Warper)                       Turns: 3405, Time: 00:00:19

Health: -2/26      AC:  8    Str: 14    XL:     4   Next: 83%
Magic:  8/8        EV:  6    Int: 13    God:
Gold:   90         SH:  0    Dex: 19    Spells: 7/7 levels left

rFire   . . .      SeeInvis .   g - +0 hand axe (vamp)
rCold   . . .      Faith    .   (no shield)
rNeg    . . .      Spirit   .   h - +0 chain mail
rPois   .          Reflect  .   (helmet restricted)
rElec   .          Harm     .   (no cloak)
rCorr   .          Rampage  .   (no gloves)
Will    .....                   (boots unavailable)
Stlth   ..........              (no amulet)
HPRegen 0.08/turn               c - +6 ring of dexterity
MPRegen 0.11/turn               (no ring)

@: no status effects
A: beak, talons 3
a: no special abilities


You were on level 4 of the Dungeon.
You visited 1 branch of the dungeon, and saw 4 of its levels.

You collected 90 gold pieces.


Innate Abilities, Weirdness & Mutations

You have a beak for a mouth.
You have claws for feet.


   Skills:
 - Level 2.0 Fighting
 + Level 5.3 Axes
 - Level 1.0 Throwing
 - Level 1.1 Armour
 - Level 2.1 Dodging
 - Level 2.0 Spellcasting
 - Level 2.4 Translocations


You had 7 spell levels left.
You didn't know any spells.
Your spell library contained the following spells:

 Spells                   Type           Power      Damage    Failure   Level
 Blink                    Tloc           14%        N/A       99%         2
 Gell's Gravitas          Tloc           7%         N/A       100%        3
 Lesser Beckoning         Tloc           7%         N/A       100%        3
 Teleport Other           Tloc           7%         N/A       100%        3
 Manifold Assault         Tloc           7%         N/A       100%        5

Inventory:

Hand Weapons
 g - a +0 vampiric hand axe (weapon)
 i - a +0 whip
Armour
 h - a +0 chain mail (worn)
 k - a +1 ring mail of fire resistance
Jewellery
 c - a +6 ring of dexterity (left hand)
Scrolls
 a - a scroll of identify
Potions
 d - a potion of curing
 f - a potion of magic {unknown}

Dungeon Overview and Level Annotations

Branches:
Dungeon (4/15)
 Temple: D:4-7

Altars:
Ashenzari
Fedhas
Qazlal

Shops:
D:1 [

Annotations:
D:3 1 runed translucent door, Crazy Yiuf


Message History

3281 ||| READING scroll labelled HACAENNIFF.
As you read the scroll labelled HACAENNIFF, it crumbles to dust.
You assume a fearsome visage.
Nothing appears to happen.
It was a scroll of fear.
Could not explore, unopened runed door.
(D) Dungeon
Where to? (* - list waypoints, Enter - D:3, ? - help)
What level of the Dungeon? (default 1, ? - help)
There is a stone staircase leading down here.
You climb downwards.
There is a stone staircase leading up here.
Existing waypoints: (1) D:2 (2) D:3 Assign waypoint to what number? (0-9, D - delete waypoint) Waypoint 1 re-assigned from D:2 to D:4.
You now have 90 gold pieces (gained 11).
A giant cockroach comes into view.
You barely miss the giant cockroach. You claw the giant cockroach.
You punch the giant cockroach.
You kill the giant cockroach!
An iguana comes into view.
The iguana hisses angrily.
You closely miss the iguana. The iguana bites you.
You hit the iguana.
You feel better.
The iguana is moderately wounded.
The iguana bites you but does no damage.
You closely miss the iguana.
The iguana is moderately wounded.
The iguana bites you!
You hit the iguana but do no damage.
The iguana is moderately wounded.
The iguana bites you!
You hit the iguana but do no damage.
The iguana is moderately wounded.
The iguana bites you but does no damage.
You closely miss the iguana.
The iguana is moderately wounded.
The iguana bites you.
You die...

#.<.............#
#.#############.#
#.#############.##
#.##.............#
#.##.##########..#
.....# #..# #.####
#..# ... #..##
#.## #.@.# #.#
#.#l# #.# #.#.#
#.# #. .# #.# #.
.. ## .. ..# ..#


You could see an iguana.

Vanquished Creatures
  4 adders
  2 worms (D:3)
  3 dart slugs
  3 bats
  5 endoplasms (D:2)
  5 giant cockroaches
  4 goblins
  9 hobgoblins
  5 kobolds
  3 quokkas
  3 ball pythons
  5 frilled lizards
  2 rats
53 creatures vanquished.

Vanquished Creatures (others)
  A plant (D:2)
1 creature vanquished.

Grand Total: 54 creatures vanquished

Notes
Turn   | Place    | Note
-------+----------+-------------------------------------------
     0 | D:1      | qw the Tengu Warper began the quest for the Orb.
     0 | D:1      | Reached XP level 1. HP: 12/12 MP: 4/4
     0 | D:1      | 0 ||| qw: Version: 0.1-a-89-g26bdef1
     0 | D:1      | 0 ||| qw: Game counter: 752
     0 | D:1      | 0 ||| qw: Always use a shield: true
     0 | D:1      | 0 ||| qw: God list: Okawaru
     0 | D:1      | 0 ||| qw: Allow faded altars: false
     0 | D:1      | 0 ||| qw: Do Orc after D:15 true
     0 | D:1      | 0 ||| qw: Do second Lair branch before Depths: true
     0 | D:1      | 0 ||| qw: Lair rune preference: random
     0 | D:1      | 0 ||| qw: Plans: Normal
     0 | D:1      | 0 ||| PLANNING D:1-11
   129 | D:1      | Found Ekhaovig's Armour Emporium.
   140 | D:1      | 140 ||| SHOPLISTING +0 chain mail (49 gold, have 28).
   140 | D:1      | 140 ||| SHOPLISTING +0 cloak of poison resistance (93 gold,
                  | have 28).
   140 | D:1      | 140 ||| SHOPLISTING +0 ring mail (44 gold, have 28).
   140 | D:1      | 140 ||| SHOPLISTING +1 cloak of preservation (181 gold,
                  | have 28).
   140 | D:1      | 140 ||| SHOPLISTING +2 chain mail of willpower (236 gold,
                  | have 28).
   140 | D:1      | 140 ||| SHOPLISTING +2 plate armour of fire resistance (440
                  | gold, have 28).
   206 | D:1      | 206 ||| Stepping ~*~*~tactically~*~*~ (stealth).
   208 | D:1      | 208 ||| Stepping ~*~*~tactically~*~*~ (hiding).
   215 | D:1      | Reached skill level 3 in Axes
   215 | D:1      | Reached XP level 2. HP: 17/17 MP: 6/6
   508 | D:1      | 508 ||| UPGRADING to +0 chain mail.
   518 | D:1      | 518 ||| DROPPING +0 leather armour.
   519 | D:1      | 519 ||| READING scroll labelled NOOSIC MUTI.
   620 | D:1      | 620 ||| READING scroll labelled KUAPAXOPTE.
   621 | D:1      | 621 ||| READING scroll labelled GEOKHL QIPSEMME.
   622 | D:1      | 622 ||| DROPPING scroll of blinking.
   690 | D:2      | Found a faded altar of an unknown god.
   715 | D:2      | 715 ||| FLEEEEING.
   716 | D:2      | 716 ||| FLEEEEING.
   717 | D:2      | 717 ||| FLEEEEING.
   718 | D:2      | 718 ||| FLEEEEING.
   719 | D:2      | 719 ||| FLEEEEING.
   720 | D:2      | 720 ||| FLEEEEING.
   721 | D:2      | 721 ||| FLEEEEING.
   722 | D:2      | 722 ||| STAIRDANCE
   789 | D:2      | Reached XP level 3. HP: 12/21 MP: 7/7
   942 | D:2      | Reached skill level 4 in Axes
  1082 | D:2      | 1082 ||| DROPPING +0 club.
  1580 | D:2      | 1580 ||| READING scroll labelled KEDIJ BEKLAUNN.
  1585 | D:2      | 1585 ||| READING scroll labelled JACVICH BOWNEVA.
  1586 | D:2      | 1586 ||| READING scroll labelled RAUNKA TUORGHINK.
  1587 | D:2      | 1587 ||| READING 3 scrolls of identify.
  1587 | D:2      | 1587 ||| IDENTIFYING murky ruby potion
  1588 | D:2      | 1588 ||| READING 2 scrolls of identify.
  1588 | D:2      | 1588 ||| IDENTIFYING smoky grey potion
  1589 | D:2      | 1589 ||| DROPPING potion of invisibility.
  1590 | D:2      | 1590 ||| Stepping randomly (stuck).
  1591 | D:2      | 1591 ||| Stepping ~*~*~tactically~*~*~ (cloud).
  1598 | D:2      | HP: 5/21 [poisoned by you (poison gas)]
  1854 | D:3      | Found a stormy altar of Qazlal.
  1856 | D:3      | 1856 ||| STAIRDANCE
  1937 | D:3      | Reached XP level 4. HP: 26/26 MP: 8/8
  1998 | D:3      | 1998 ||| Stepping ~*~*~tactically~*~*~ (stealth).
  2021 | D:3      | 2021 ||| Stepping ~*~*~tactically~*~*~ (stealth).
  2048 | D:3      | 2048 ||| Stepping ~*~*~tactically~*~*~ (hiding).
  2343 | D:3      | 2343 ||| Stepping ~*~*~tactically~*~*~ (stealth).
  2386 | D:3      | 2386 ||| Stepping ~*~*~tactically~*~*~ (stealth).
  2387 | D:3      | 2387 ||| Stepping ~*~*~tactically~*~*~ (stealth).
  2388 | D:3      | 2388 ||| Stepping ~*~*~tactically~*~*~ (stealth).
  2399 | D:3      | Reached skill level 5 in Axes
  2728 | D:3      | Found a broken altar of Ashenzari.
  2787 | D:3      | Found a runed translucent door.
  2788 | D:3      | Noticed Crazy Yiuf
  3118 | D:3      | Found a blossoming altar of Fedhas.
  3276 | D:3      | 3276 ||| UPGRADING to +6 ring of dexterity.
  3277 | D:3      | 3277 ||| DROPPING ring of flight.
  3278 | D:3      | 3278 ||| READING scroll labelled TITSIKKAEXAMM.
  3279 | D:3      | 3279 ||| READING scroll labelled POIDOR REAB.
  3280 | D:3      | 3280 ||| READING scroll labelled WADOEZ UDWYTUMN.
  3281 | D:3      | 3281 ||| READING scroll labelled HACAENNIFF.
  3403 | D:4      | HP: 4/26 [iguana (9)]
  3405 | D:4      | Slain by an iguana

Levels and vault maps discovered:
D:1:      minmay_arrival_wavy_path, layout_rooms, serial_shops, shop
D:2:      layout_basic, dreamdust_ecumenical_altar_grove, serial_forest,
          infiniplex_forest_clump_medium, infiniplex_forest_clump_medium,
          infiniplex_forest_straight_5, infiniplex_forest_pool,
          infiniplex_forest_clump_cross, infiniplex_forest_end_2,
          infiniplex_forest_zigzag_1, infiniplex_forest_clump_small
D:3:      layout_loops_ring, grunt_qazlal_sundering, ashenzari_altar_1,
          fedhas_altar_fruit_tree, minmay_misc_feat_tiny,
          uniq_crazy_yiuf_cottage
D:4:      layout_loops_ring, marbit_many_paths, mainiacjoe_overflow_alcove_4

Skill      XL: |  1  2  3  4 |
---------------+-------------+-----
Axes           | 3 4 5 |  5.3
Fighting       | |  2.0
Throwing       | |  1.0
Armour         | |  1.1
Dodging        | |  2.1
Spellcasting   | |  2.0
Translocations | |  2.4

Action                   |  1- 3 |  4- 6 || total
-------------------------+-------+-------++-------
Melee: Hand axe          |    70 |    58 ||   128
       Kick              |    17 |    14 ||    31
       Peck              |    11 |     2 ||    13
       Punch             |       |     2 ||     2
Throw: Boomerang         |     7 |       ||     7
  Use: Scroll            |     8 |     4 ||    12
Armor: Chain mail        |    28 |    26 ||    54
       Leather armour    |     5 |       ||     5
Dodge: Dodged            |    18 |     6 ||    24

Table legend:
 A = Non-vault XP
 B = Vault XP
 C = Vault XP percentage of total XP
 D = Non-vault monster count
 E = Vault monster count
 F = Vault count percentage of total count
                 A         B        C        D         E       F
            +---------+---------+-------+---------+---------+-------
      Total |     151 |       0 |   0.0 |      53 |       0 |   0.0
            +---------+---------+-------+---------+---------+-------
        D:1 |      25 |       0 |   0.0 |      12 |       0 |   0.0
        D:2 |      45 |       0 |   0.0 |      19 |       0 |   0.0
        D:3 |      79 |       0 |   0.0 |      21 |       0 |   0.0
        D:4 |       2 |       0 |   0.0 |       1 |       0 |   0.0
            +---------+---------+-------+---------+---------+-------
